Map: Moonlight Madness LE (Void)

Players

DestroyBoy

  • Race: Terran Terran
  • League: Platinum

IIIIIIIIIIII - Winner!

  • Race: Protoss Protoss
  • League: Platinum

VOD

Have the link to the VOD?

Description

Time

  • Played on: July 27, 2015, 3:57 a.m.
  • Length: 5:37
Show
View Real Time Build Order
Export as new Build Order

DestroyBoy Terran 

Build Orders:  

Get SALT Encoding   

  12  0:01  SCV  
  13  0:13  SCV  
  14  0:17  Supply Depot  
  14  0:25  Refinery  
  14  0:28  SCV  
  15  0:40  SCV  
  16  0:50  Barracks  
  16  0:53  SCV  
  17  1:05  SCV  
  18  1:17  SCV  
  19  1:36  Orbital Command  
  19  1:37  Barracks Tech Lab  
  19  1:40  Barracks  
  19  1:49  Refinery  
  19  1:56  Engineering Bay  
  19  1:57  Stimpack  
  19  2:03  SCV  
  19  2:06  Marine  
  21  2:16  Supply Depot  
  21  2:23  SCV  
  21  2:27  Missile Turret  
  22  2:34  Marine  
  23  2:38  Marauder  
  23  2:43  Supply Depot  
  25  2:52  Marine  
  25  2:59  Marauder  
  25  3:03  SCV  
  28  3:10  Bunker  
  28  3:11  Marine  
  29  3:16  Terran Infantry Weapons Level 1  
  29  3:20  Marauder  
  31  3:28  SCV, Marine  
  31  3:30  Supply Depot  
  33  3:42  Marauder  
  33  3:46  Marine  
  33  3:47  Factory  
  36  4:01  Barracks  
  36  4:05  Marine, Marauder  
  39  4:23  Marine  
  40  5:02  Supply Depot  
  40  5:04  Supply Depot x2  
  40  5:06  Marine  
  40  5:07  Marine x2  
  39  5:08  Widow Mine  
Show
View Real Time Build Order
Export as new Build Order

IIIIIIIIIIII Protoss - Winner!

Build Orders: Blink Stalkers 

Get SALT Encoding   

  12  0:01  Probe  
  13  0:15  Pylon  
  13  0:18  Probe  
  14  0:33  Probe (Chrono Boost)  
  15  0:37  Gateway  
  16  0:43  Probe (Chrono Boost)  
  16  0:46  Assimilator  
  16  0:50  Probe  
  16  0:55  Assimilator  
  18  1:04  Probe  
  18  1:10  Pylon  
  18  1:16  Probe  
  19  1:25  Cybernetics Core  
  19  1:29  Probe  
  20  1:41  Probe  
  21  1:50  Pylon  
  21  1:53  Probe  
  22  1:54  Stalker  
  22  1:55  Warp Gate (Chrono Boost)  
  22  2:07  Probe  
  25  2:12  Twilight Council  
  25  2:24  Stalker  
  27  2:35  Gateway  
  27  2:53  Gateway  
  27  2:55  Gateway  
  27  2:58  Blink (Chrono Boost)  
  27  3:10  Mothership Core  
  29  3:16  Pylon  
  29  3:47  Pylon  
  29  3:51  Stalker x3  
  29  3:52  Stalker  
  37  4:15  Stalker x3  
  43  4:20  Stalker  
  45  4:50  Stalker  
  45  4:51  Stalker x2  
  35  5:15  Stalker x3  
  35  5:20  Stalker  
Tags
 
Add a new tag
Caveats
  • Supply blocks, unpowered buildings, or Contaminate may cause inaccurate times.
  • Supply counts are checked every 10 seconds.